3536 views
Uploaded 2020-04-12 23:21:15
Game version 1.32.3
13:15 long 4on4 ladder game on (8)TwilightRuins_LV
Saved by ChuckleMan
3536 views
Uploaded 2020-04-12 23:21:15
Game version 1.32.3
13:15 long 4on4 ladder game on (8)TwilightRuins_LV


86 units @ 11.2k
/ 1k
64 buildings @ 10.1k
/ 3.9k

| Healing Salve | 3 | 300 |
| Lesser Clarity Potion | 3 | 210 |
| Potion of Mana | 1 | 200 |
| total: | 7 | 710g |
| Peon | 14 | 1050 | / | 0 |
| Troll Witch Doctor | 1 | 145 | / | 25 |
| Shaman | 2 | 260 | / | 40 |
| total: | 17 | 1455g | / | 65w |
| Watch Tower | 1 | 110 | / | 80 |
| Altar of Storms | 1 | 180 | / | 50 |
| Orc Burrow | 8 | 1280 | / | 320 |
| Voodoo Lounge | 1 | 130 | / | 30 |
| War Mill | 1 | 205 | / | 0 |
| Spirit Lodge | 2 | 300 | / | 300 |
| Beastiary | 1 | 145 | / | 140 |
| Stronghold | 1 | 315 | / | 190 |
| Fortress | 1 | 325 | / | 190 |
| total: | 15 | 2350g | / | 920w |
| 0:10 | Altar of Storms |
| 0:16 | Orc Burrow |
| 0:17 | Peon |
| 0:17 | Peon |
| 0:55 | Voodoo Lounge |
| 0:56 | Peon |
| 0:56 | Peon |
| 1:04 | Peon |
| 1:04 | Peon |
| 1:38 | Peon |
| 2:09 | Peon |
| 2:18 | War Mill |
| 2:22 | Healing Salve |
| 2:22 | Lesser Clarity Potion |
| 2:23 | Lesser Clarity Potion |
| 2:26 | Wind Walk |
| 2:34 | Stronghold |
| 3:15 | Orc Burrow |
| 4:07 | Watch Tower |
| 6:28 | Orc Burrow |
| 6:31 | Orc Burrow |
| 6:41 | Spirit Lodge |
| 6:51 | Spirit Lodge |
| 6:59 | Healing Salve |
| 6:59 | Potion of Mana |
| 7:01 | Lesser Clarity Potion |
| 7:02 | Healing Salve |
| 7:16 | Orc Burrow |
| 7:24 | Peon |
| 7:24 | Peon |
| 8:05 | Fortress |
| 8:21 | Troll Witch Doctor |
| 8:21 | Shaman |
| 8:41 | Orc Burrow |
| 8:53 | Shaman |
| 9:54 | Orc Burrow |
| 10:24 | Shaman Adept Training |
| 10:26 | Witch Doctor Adept Training |
| 10:43 | Peon |
| 10:43 | Peon |
| 10:44 | Peon |
| 10:44 | Peon |
| 11:02 | Orc Burrow |
| 12:05 | Shaman Master Training |
| 12:05 | Witch Doctor Master Training |
| 12:14 | Beastiary |
| Right click | 371 |
| Select | 176 |
| Build/train/purchase | 41 |
| Assign group | 39 |
| Chat | 26 |
| Select group | 7 |
| Use ability | 5 |
| Minimap ping | 3 |


| Rod of Necromancy | 1 | 150 |
| total: | 1 | 150g |
| Acolyte | 3 | 225 | / | 0 |
| Ghoul | 12 | 1440 | / | 0 |
| Crypt Fiend | 6 | 1290 | / | 240 |
| total: | 21 | 2955g | / | 240w |
| Spirit Tower | 6 | 870 | / | 240 |
| Crypt | 1 | 200 | / | 50 |
| Altar of Darkness | 1 | 180 | / | 50 |
| Ziggurat | 8 | 1200 | / | 400 |
| Tomb of Relics | 1 | 130 | / | 30 |
| Graveyard | 1 | 215 | / | 0 |
| Temple of the Damned | 1 | 155 | / | 140 |
| Halls of the Dead | 1 | 320 | / | 210 |
| total: | 13 | 2080g | / | 670w |
| 0:11 | Acolyte |
| 0:11 | Acolyte |
| 0:34 | Crypt |
| 0:39 | Altar of Darkness |
| 0:44 | Ziggurat |
| 0:52 | Acolyte |
| 1:10 | Tomb of Relics |
| 1:31 | Graveyard |
| 1:40 | Ghoul |
| 2:11 | Ghoul |
| 2:18 | Ziggurat |
| 2:30 | Ghoul |
| 2:39 | Ziggurat |
| 2:57 | Death Coil |
| 3:00 | Rod of Necromancy |
| 3:03 | Cannibalize |
| 3:31 | Spirit Tower |
| 4:07 | Crypt Fiend |
| 4:08 | Crypt Fiend |
| 4:44 | Unholy Aura |
| 5:08 | Crypt Fiend |
| 5:42 | Crypt Fiend |
| 6:01 | Spirit Tower |
| 6:03 | Spirit Tower |
| 6:05 | Ghoul |
| 6:06 | Ghoul |
| 6:07 | Ghoul |
| 6:52 | Ghoul |
| 7:01 | Ghoul |
| 7:13 | Ghoul |
| 7:14 | Ghoul |
| 7:22 | Ziggurat |
| 7:28 | Ziggurat |
| 7:49 | Unholy Strength |
| 7:54 | Halls of the Dead |
| 7:59 | Ghoul |
| 8:50 | Ghoul |
| 8:54 | Spirit Tower |
| 9:40 | Crypt Fiend |
| 9:44 | Creature Attack |
| 9:54 | Unholy Aura |
| 10:07 | Ziggurat |
| 10:12 | Ziggurat |
| 10:34 | Spirit Tower |
| 10:45 | Creature Carapace |
| 10:52 | Web |
| 11:38 | Carrion Beetles |
| 11:42 | Crypt Fiend |
| 11:59 | Temple of the Damned |
| 12:26 | Ziggurat |
| 12:28 | Spirit Tower |
| Select | 170 |
| Right click | 112 |
| Build/train/purchase | 44 |
| Misc. action | 27 |
| Resource trade | 12 |
| Use ability | 9 |



| Rod of Necromancy | 2 | 300 |
| Orb of Corruption | 1 | 375 |
| Scroll of Town Portal | 2 | 700 |
| total: | 5 | 1375g |
| Acolyte | 8 | 600 | / | 0 |
| Ghoul | 6 | 720 | / | 0 |
| Gargoyle | 7 | 1225 | / | 210 |
| Goblin Shredder | 3 | 1125 | / | 300 |
| total: | 24 | 3670g | / | 510w |
| Spirit Tower | 3 | 435 | / | 120 |
| Crypt | 2 | 400 | / | 100 |
| Necropolis | 1 | 225 | / | 0 |
| Ziggurat | 10 | 1500 | / | 500 |
| Altar of Darkness | 1 | 180 | / | 50 |
| Tomb of Relics | 1 | 130 | / | 30 |
| Graveyard | 1 | 215 | / | 0 |
| Sacrificial Pit | 1 | 75 | / | 150 |
| Halls of the Dead | 1 | 320 | / | 210 |
| Black Citadel | 1 | 325 | / | 230 |
| total: | 17 | 2725g | / | 830w |
| 0:07 | Acolyte |
| 0:10 | Crypt |
| 0:14 | Acolyte |
| 0:28 | Necropolis |
| 0:46 | Ziggurat |
| 1:06 | Altar of Darkness |
| 1:18 | Ghoul |
| 1:30 | Ghoul |
| 1:50 | Ghoul |
| 2:07 | Ghoul |
| 2:17 | Halls of the Dead |
| 2:27 | Ghoul |
| 2:33 | Acolyte |
| 2:33 | Acolyte |
| 2:46 | Ghoul |
| 3:00 | Tomb of Relics |
| 3:06 | Death Coil |
| 4:02 | Unholy Aura |
| 4:05 | Ziggurat |
| 4:15 | Graveyard |
| 4:25 | Acolyte |
| 4:25 | Acolyte |
| 4:26 | Acolyte |
| 4:26 | Acolyte |
| 4:38 | Crypt |
| 5:17 | Goblin Shredder |
| 5:17 | Goblin Shredder |
| 5:44 | Death Coil |
| 5:54 | Black Citadel |
| 5:56 | Rod of Necromancy |
| 6:00 | Gargoyle |
| 6:08 | Ziggurat |
| 6:45 | Gargoyle |
| 6:47 | Creature Attack |
| 6:48 | Creature Carapace |
| 7:05 | Gargoyle |
| 7:20 | Goblin Shredder |
| 7:31 | Frost Nova |
| 7:46 | Gargoyle |
| 8:06 | Improved Creature Attack |
| 8:08 | Rod of Necromancy |
| 8:18 | Orb of Corruption |
| 8:27 | Unholy Aura |
| 8:30 | Gargoyle |
| 8:44 | Black Arrow |
| 9:13 | Spirit Tower |
| 9:14 | Ziggurat |
| 9:14 | Ziggurat |
| 9:15 | Ziggurat |
| 9:15 | Ziggurat |
| 9:45 | Improved Creature Carapace |
| 9:56 | Dark Ritual |
| 10:32 | Advanced Creature Attack |
| 10:34 | Sacrificial Pit |
| 10:35 | Spirit Tower |
| 10:50 | Gargoyle |
| 10:51 | Stone Form |
| 11:06 | Spirit Tower |
| 11:07 | Ziggurat |
| 11:08 | Ziggurat |
| 11:09 | Ziggurat |
| 12:08 | Silence |
| 12:30 | Death Coil |
| 12:43 | Frost Nova |
| 12:54 | Gargoyle |
| 13:05 | Scroll of Town Portal |
| 13:05 | Scroll of Town Portal |
| Right click | 472 |
| Chat | 214 |
| Select group | 192 |
| Select | 139 |
| Build/train/purchase | 75 |
| Assign group | 63 |
| Use ability | 23 |
| Misc. action | 16 |
| Item give/drop | 6 |
| Esc | 5 |


| Healing Salve | 7 | 700 |
| Lesser Clarity Potion | 6 | 420 |
| Scroll of Speed | 1 | 50 |
| Scroll of Town Portal | 2 | 700 |
| Claws of Attack +6 | 1 | 125 |
| Ring of Protection +3 | 1 | 125 |
| total: | 18 | 2120g |
| Peon | 14 | 1050 | / | 0 |
| Grunt | 7 | 1400 | / | 0 |
| Demolisher | 2 | 440 | / | 100 |
| Tauren | 1 | 280 | / | 80 |
| total: | 24 | 3170g | / | 180w |
| Watch Tower | 6 | 660 | / | 480 |
| Barracks | 1 | 180 | / | 50 |
| Altar of Storms | 1 | 180 | / | 50 |
| Orc Burrow | 5 | 800 | / | 200 |
| Voodoo Lounge | 1 | 130 | / | 30 |
| War Mill | 1 | 205 | / | 0 |
| Great Hall | 1 | 385 | / | 185 |
| Tauren Totem | 2 | 270 | / | 310 |
| Spirit Lodge | 1 | 150 | / | 150 |
| Stronghold | 3 | 945 | / | 570 |
| Fortress | 3 | 975 | / | 570 |
| total: | 19 | 2960g | / | 1455w |
| 0:19 | Peon |
| 0:19 | Peon |
| 0:45 | Peon |
| 0:47 | Barracks |
| 0:49 | Altar of Storms |
| 0:51 | Orc Burrow |
| 1:07 | Peon |
| 1:07 | Peon |
| 1:23 | Peon |
| 1:46 | Peon |
| 1:56 | Grunt |
| 2:04 | Orc Burrow |
| 2:10 | Voodoo Lounge |
| 2:39 | War Mill |
| 2:56 | Peon |
| 2:58 | Grunt |
| 2:58 | Grunt |
| 3:00 | Feral Spirit |
| 3:20 | Grunt |
| 3:25 | Peon |
| 3:25 | Peon |
| 3:40 | Peon |
| 4:05 | Stronghold |
| 4:13 | Spiked Barricades |
| 4:33 | Orc Burrow |
| 4:38 | Chain Lighting |
| 4:41 | Steel Armor |
| 4:42 | Thorium Armor |
| 5:16 | Great Hall |
| 5:48 | Watch Tower |
| 5:50 | Chain Lighting |
| 5:59 | Watch Tower |
| 6:10 | Grunt |
| 6:15 | Healing Salve |
| 6:15 | Lesser Clarity Potion |
| 6:16 | Scroll of Speed |
| 6:21 | Healing Salve |
| 6:38 | Watch Tower |
| 6:43 | Berserker Strength |
| 6:52 | Improved Spiked Barricades |
| 6:52 | Reinforced Defenses |
| 7:16 | Peon |
| 8:17 | Fortress |
| 8:21 | Peon |
| 8:28 | Lesser Clarity Potion |
| 8:35 | Watch Tower |
| 8:54 | Peon |
| 8:58 | Tauren Totem |
| 9:01 | Grunt |
| 9:05 | Healing Salve |
| 9:05 | Healing Salve |
| 9:17 | Healing Wave |
| 9:18 | Healing Salve |
| 9:18 | Lesser Clarity Potion |
| 9:39 | Steel Melee Weapons |
| 9:40 | Grunt |
| 9:55 | Watch Tower |
| 9:58 | Demolisher |
| 9:58 | Demolisher |
| 10:17 | Tauren Totem |
| 10:24 | Lesser Clarity Potion |
| 10:24 | Healing Salve |
| 10:32 | Spirit Lodge |
| 10:48 | Orc Burrow |
| 10:59 | Orc Burrow |
| 11:05 | Serpent Ward |
| 11:10 | Claws of Attack +6 |
| 11:12 | Ring of Protection +3 |
| 12:04 | Tauren |
| 12:30 | Shaman Adept Training |
| 12:33 | Watch Tower |
| 12:39 | Healing Salve |
| 12:39 | Lesser Clarity Potion |
| 12:48 | Lesser Clarity Potion |
| 12:51 | Burning Oil |
| 13:03 | Scroll of Town Portal |
| 13:03 | Scroll of Town Portal |
| Select group | 446 |
| Right click | 415 |
| Select | 405 |
| Build/train/purchase | 93 |
| Chat | 61 |
| Misc. action | 28 |
| Use ability | 26 |
| Assign group | 22 |
| Resource trade | 4 |
| Item give/drop | 2 |
| Minimap ping | 1 |
87 units @ 11.8k
/ 1.1k
67 buildings @ 9.5k
/ 4k


| Peasant | 17 | 1275 | / | 0 |
| Footman | 7 | 945 | / | 0 |
| Priest | 2 | 270 | / | 20 |
| Knight | 3 | 735 | / | 180 |
| Giant Sea Turtle | 2 | 590 | / | 70 |
| total: | 31 | 3815g | / | 270w |
| Farm | 8 | 640 | / | 160 |
| Altar of Kings | 1 | 180 | / | 50 |
| Barracks | 2 | 320 | / | 120 |
| Lumber Mill | 1 | 120 | / | 0 |
| Blacksmith | 1 | 140 | / | 60 |
| Town Hall | 1 | 385 | / | 205 |
| Arcane Vault | 1 | 130 | / | 30 |
| Arcane Sanctum | 1 | 150 | / | 140 |
| Workshop | 1 | 140 | / | 140 |
| Keep | 1 | 320 | / | 210 |
| Castle | 1 | 360 | / | 210 |
| total: | 17 | 2205g | / | 905w |
| 0:03 | Peasant |
| 0:03 | Peasant |
| 0:07 | Farm |
| 0:11 | Altar of Kings |
| 0:19 | Barracks |
| 0:28 | Peasant |
| 0:40 | Peasant |
| 0:55 | Peasant |
| 1:01 | Farm |
| 1:21 | Footman |
| 1:28 | Peasant |
| 1:40 | Footman |
| 1:42 | Peasant |
| 1:57 | Farm |
| 2:03 | Footman |
| 2:07 | Peasant |
| 2:15 | Storm Bolt |
| 2:30 | Farm |
| 2:39 | Peasant |
| 2:39 | Peasant |
| 2:43 | Footman |
| 3:42 | Thunder Clap |
| 3:53 | Lumber Mill |
| 4:00 | Farm |
| 4:07 | Farm |
| 4:12 | Footman |
| 4:14 | Keep |
| 4:17 | Footman |
| 4:39 | Giant Sea Turtle |
| 5:56 | Blacksmith |
| 6:25 | Footman |
| 6:51 | Storm Bolt |
| 7:17 | Town Hall |
| 7:37 | Peasant |
| 7:37 | Peasant |
| 7:37 | Peasant |
| 7:41 | Iron Forged Swords |
| 7:41 | Iron Plating |
| 7:59 | Giant Sea Turtle |
| 8:05 | Holy Light |
| 8:19 | Farm |
| 9:15 | Arcane Sanctum |
| 9:16 | Castle |
| 9:27 | Barracks |
| 9:31 | Workshop |
| 10:10 | Steel Forged Swords |
| 10:10 | Steel Plating |
| 10:28 | Arcane Vault |
| 10:34 | Priest |
| 10:34 | Priest |
| 10:34 | Priest Adept Training |
| 10:38 | Farm |
| 11:29 | Mithril Plating |
| 11:43 | Animal War Training |
| 11:57 | Knight |
| 11:58 | Peasant |
| 11:58 | Peasant |
| 12:11 | Divine Shield |
| 12:15 | Knight |
| 12:18 | Peasant |
| 12:18 | Peasant |
| 12:33 | Black Gunpowder |
| 12:36 | Knight |
| Select | 137 |
| Right click | 112 |
| Select group | 109 |
| Build/train/purchase | 54 |
| Misc. action | 18 |
| Use ability | 15 |
| Assign group | 12 |
| Item give/drop | 1 |


| Rod of Necromancy | 5 | 750 |
| Potion of Healing | 1 | 150 |
| Orb of Corruption | 1 | 375 |
| Dust of Appearance | 1 | 75 |
| Scroll of Town Portal | 1 | 350 |
| total: | 9 | 1700g |
| Acolyte | 2 | 150 | / | 0 |
| Ghoul | 2 | 240 | / | 0 |
| Crypt Fiend | 6 | 1290 | / | 240 |
| Obsidian Statue | 3 | 600 | / | 105 |
| total: | 13 | 2280g | / | 345w |
| Nerubian Tower | 2 | 200 | / | 40 |
| Spirit Tower | 1 | 145 | / | 40 |
| Ziggurat | 7 | 1050 | / | 350 |
| Altar of Darkness | 2 | 360 | / | 100 |
| Crypt | 1 | 200 | / | 50 |
| Tomb of Relics | 1 | 130 | / | 30 |
| Graveyard | 3 | 645 | / | 0 |
| Slaughterhouse | 1 | 140 | / | 135 |
| Halls of the Dead | 2 | 640 | / | 420 |
| Black Citadel | 2 | 650 | / | 460 |
| total: | 15 | 2525g | / | 665w |
| 0:04 | Acolyte |
| 0:05 | Ziggurat |
| 0:08 | Altar of Darkness |
| 0:10 | Ziggurat |
| 0:12 | Altar of Darkness |
| 0:20 | Acolyte |
| 0:36 | Crypt |
| 0:55 | Tomb of Relics |
| 1:21 | Graveyard |
| 1:40 | Ghoul |
| 2:01 | Ghoul |
| 2:03 | Nerubian Tower |
| 2:09 | Rod of Necromancy |
| 2:09 | Rod of Necromancy |
| 2:21 | Death Coil |
| 2:36 | Ziggurat |
| 2:52 | Dust of Appearance |
| 3:00 | Crypt Fiend |
| 3:13 | Crypt Fiend |
| 3:55 | Rod of Necromancy |
| 4:28 | Halls of the Dead |
| 4:30 | Crypt Fiend |
| 4:33 | Ziggurat |
| 4:37 | Unholy Aura |
| 5:44 | Crypt Fiend |
| 5:45 | Ziggurat |
| 6:38 | Rod of Necromancy |
| 6:48 | Crypt Fiend |
| 6:55 | Slaughterhouse |
| 7:46 | Potion of Healing |
| 8:05 | Frost Nova |
| 8:10 | Obsidian Statue |
| 8:36 | Black Citadel |
| 8:39 | Spirit Tower |
| 8:41 | Ziggurat |
| 8:47 | Rod of Necromancy |
| 8:59 | Web |
| 9:16 | Obsidian Statue |
| 9:16 | Obsidian Statue |
| 9:36 | Death Coil |
| 10:02 | Crypt Fiend |
| 10:42 | Frost Armor |
| 10:42 | Frost Armor |
| 10:54 | Ziggurat |
| 11:03 | Orb of Corruption |
| 11:04 | Scroll of Town Portal |
| 11:14 | Destroyer Form |
| 12:31 | Graveyard |
| 12:32 | Graveyard |
| Select group | 921 |
| Right click | 866 |
| Select | 408 |
| Misc. action | 199 |
| Build/train/purchase | 116 |
| Assign group | 51 |
| Use ability | 20 |
| Item give/drop | 4 |
| Minimap ping | 3 |


| Rod of Necromancy | 1 | 150 |
| total: | 1 | 150g |
| Acolyte | 10 | 750 | / | 0 |
| Ghoul | 5 | 600 | / | 0 |
| Crypt Fiend | 6 | 1290 | / | 240 |
| Goblin Shredder | 1 | 375 | / | 100 |
| total: | 22 | 3015g | / | 340w |
| Nerubian Tower | 1 | 100 | / | 20 |
| Spirit Tower | 1 | 145 | / | 40 |
| Ziggurat | 5 | 750 | / | 250 |
| Crypt | 1 | 200 | / | 50 |
| Altar of Darkness | 1 | 180 | / | 50 |
| Graveyard | 1 | 215 | / | 0 |
| Tomb of Relics | 1 | 130 | / | 30 |
| Necropolis | 1 | 225 | / | 0 |
| Sacrificial Pit | 1 | 75 | / | 150 |
| Boneyard | 3 | 525 | / | 600 |
| Halls of the Dead | 1 | 320 | / | 210 |
| Black Citadel | 1 | 325 | / | 230 |
| total: | 14 | 2300g | / | 1130w |
| 0:04 | Acolyte |
| 0:04 | Acolyte |
| 0:11 | Ziggurat |
| 0:16 | Crypt |
| 0:37 | Altar of Darkness |
| 0:44 | Acolyte |
| 1:15 | Graveyard |
| 1:23 | Ghoul |
| 1:36 | Ziggurat |
| 1:55 | Ghoul |
| 2:05 | Tomb of Relics |
| 2:29 | Frost Arrows |
| 2:37 | Crypt Fiend |
| 3:04 | Ghoul |
| 3:09 | Crypt Fiend |
| 3:32 | Rod of Necromancy |
| 3:37 | Halls of the Dead |
| 4:13 | Crypt Fiend |
| 4:14 | Creature Attack |
| 4:54 | Forked Lightning |
| 5:22 | Crypt Fiend |
| 5:26 | Ziggurat |
| 6:08 | Web |
| 6:23 | Necropolis |
| 6:31 | Ghoul |
| 6:31 | Ghoul |
| 6:52 | Frost Arrows |
| 7:38 | Black Citadel |
| 7:41 | Ziggurat |
| 7:44 | Crypt Fiend |
| 7:50 | Death Coil |
| 8:19 | Goblin Shredder |
| 8:36 | Sacrificial Pit |
| 9:09 | Ziggurat |
| 9:10 | Nerubian Tower |
| 9:21 | Unholy Aura |
| 10:51 | Crypt Fiend |
| 10:57 | Boneyard |
| 11:17 | Improved Creature Attack |
| 11:21 | Boneyard |
| 11:30 | Boneyard |
| 11:39 | Acolyte |
| 12:06 | Spirit Tower |
| 12:16 | Acolyte |
| 12:16 | Acolyte |
| 12:16 | Acolyte |
| 12:16 | Acolyte |
| 12:42 | Acolyte |
| 12:42 | Acolyte |
| Select | 244 |
| Right click | 243 |
| Chat | 115 |
| Misc. action | 63 |
| Build/train/purchase | 47 |
| Use ability | 7 |
| Item give/drop | 4 |
| Remove unit | 3 |


| Scroll of Regeneration | 1 | 100 |
| Scroll of Town Portal | 1 | 350 |
| total: | 2 | 450g |
| Peasant | 10 | 750 | / | 0 |
| Footman | 9 | 1215 | / | 0 |
| Makrura Deepseer | 1 | 500 | / | 100 |
| Mur'gul Snarecaster | 1 | 215 | / | 20 |
| total: | 21 | 2680g | / | 120w |
| Scout Tower | 3 | 90 | / | 60 |
| Arcane Tower | 3 | 210 | / | 150 |
| Altar of Kings | 1 | 180 | / | 50 |
| Farm | 7 | 560 | / | 140 |
| Barracks | 1 | 160 | / | 60 |
| Arcane Vault | 1 | 130 | / | 30 |
| Blacksmith | 1 | 140 | / | 60 |
| Lumber Mill | 1 | 120 | / | 0 |
| Town Hall | 1 | 385 | / | 205 |
| Gryphon Aviary | 4 | 560 | / | 600 |
| Arcane Sanctum | 1 | 150 | / | 140 |
| Keep | 1 | 320 | / | 210 |
| Castle | 1 | 360 | / | 210 |
| total: | 21 | 2475g | / | 1345w |
| 0:02 | Peasant |
| 0:02 | Peasant |
| 0:19 | Altar of Kings |
| 0:22 | Peasant |
| 0:34 | Farm |
| 0:34 | Farm |
| 0:36 | Peasant |
| 0:37 | Peasant |
| 1:01 | Peasant |
| 1:04 | Barracks |
| 1:06 | Peasant |
| 1:24 | Peasant |
| 1:27 | Farm |
| 1:46 | Peasant |
| 1:47 | Peasant |
| 1:53 | Farm |
| 1:59 | Arcane Vault |
| 2:28 | Footman |
| 2:29 | Footman |
| 2:37 | Scout Tower |
| 2:40 | Scout Tower |
| 2:45 | Scout Tower |
| 2:51 | Footman |
| 2:52 | Footman |
| 2:56 | Summon Water Elemental |
| 3:01 | Farm |
| 3:11 | Arcane Tower |
| 3:22 | Arcane Tower |
| 3:27 | Arcane Tower |
| 3:49 | Farm |
| 3:53 | Footman |
| 3:53 | Footman |
| 3:55 | Footman |
| 4:25 | Keep |
| 4:56 | Brilliance Aura |
| 5:14 | Footman |
| 5:16 | Scroll of Regeneration |
| 5:39 | Footman |
| 6:31 | Blacksmith |
| 6:36 | Lumber Mill |
| 6:43 | Brilliance Aura |
| 7:04 | Farm |
| 7:45 | Castle |
| 7:51 | Makrura Deepseer |
| 7:55 | Mur'gul Snarecaster |
| 8:22 | Storm Bolt |
| 8:26 | Iron Forged Swords |
| 8:28 | Studded Leather Armor |
| 8:31 | Gryphon Aviary |
| 10:02 | Scroll of Town Portal |
| 10:08 | Summon Water Elemental |
| 11:07 | Town Hall |
| 11:38 | Gryphon Aviary |
| 11:40 | Gryphon Aviary |
| 12:08 | Arcane Sanctum |
| 12:09 | Gryphon Aviary |
| 12:14 | Steel Forged Swords |
| 12:14 | Reinforced Leather Armor |
| Right click | 176 |
| Select group | 155 |
| Select | 123 |
| Build/train/purchase | 49 |
| Assign group | 17 |
| Chat | 9 |
| Minimap ping | 7 |
| Use ability | 6 |
⇛